 Dungeon Crawl Stone Soup version 0.18.1-8-gdd0e5ea (webtiles) character file.

494297 Kenran the Executioner (level 25, -10/170 HPs)
             Began as a Gargoyle Fighter on May 21, 2016.
             Was the Champion of Okawaru.
             Killed from afar by a deep elf annihilator (42 damage)
             ... with a crystal spear
             ... on level 3 of the Elven Halls.
             The game lasted 04:58:19 (63134 turns).

Kenran the Executioner (Gargoyle Fighter)          Turns: 63134, Time: 04:58:19

Health: -10/170    AC: 59    Str: 34    XL:     25   Next: 10%
Magic:  0/33       EV:  9    Int: 12    God:    Okawaru [******]
Gold:   2214       SH:  0    Dex: 12    Spells: 0 memorised, 24 levels left

rFire  + + .     SeeInvis .     p - +4 executioner's axe (elec)
rCold  . . .     Gourm    .     a - +7 plate armour of the Sturgeon {rElec rC- Str+4}
rNeg   + + .     Faith    +     (shield currently unavailable)
rPois  ∞         Spirit   +     y - +2 hat of the Bear Spirit {Spirit, +Rage rN+ MR++}
rElec  +         Dismiss  .     j - +2 cloak of Devotion {*Confuse rC+ Regen+ Slay+2}
rCorr  .         Reflect  .     E - +2 pair of gloves
SustAt .         Harm     .     B - +2 pair of boots {Stlth+}
MR     +++++                    b - amulet of Leplu {Faith rF+ Dex+3}
Stlth  ..........               k - ring of protection from magic
                                i - ring "Focsott" {rPois rF+ MR+ Str+4 Dex-3}

@: about to teleport, flying, almost entirely resistant to hostile enchantments,
extremely unstealthy
A: big wings, negative energy resistance 1, electricity resistance, unbreathing,
petrification resistance, rot immunity, AC +19
a: Stop Flying, Heroism, Finesse, Renounce Religion, Evoke Berserk Rage
}: 2/15 runes: serpentine, barnacled


You were on level 3 of the Elven Halls.
You worshipped Okawaru.
Okawaru was exalted by your worship.
You were not hungry.

You visited 9 branches of the dungeon, and saw 44 of its levels.
You visited the Abyss 1 time.
You also visited: Wizlab.

You collected 6779 gold pieces.
You spent 4565 gold pieces at shops.

Inventory:

Hand Weapons
 e - a +2 executioner's axe of flaming
 f - a +2 executioner's axe of freezing
 p - a +4 executioner's axe of electrocution (weapon)
Armour
 a - the +7 plate armour of the Sturgeon (worn) {rElec rC- Str+4}
   (You bought it in a shop on level 2 of the Orcish Mines)

   It affects your strength (+4).
   It makes you vulnerable to cold.
   It insulates you from electricity.
 j - the +2 cloak of Devotion (worn) {*Confuse rC+ Regen+ Slay+2}
   (Okawaru gifted it to you on level 10 of the Dungeon)

   It affects your accuracy and damage with ranged weapons and melee attacks
   (+2).
   It protects you from cold.
   It increases your rate of regeneration.
   It may confuse you when you take damage.
 r - a +2 helmet of see invisible
 w - the +1 pair of gloves "Jafauf" {*Confuse rC+++ MP+9 SInv}
   (Okawaru gifted it to you on level 2 of the Orcish Mines)

   It renders you almost immune to cold.
   It affects your magic capacity (+9).
   It lets you see invisible.
   It may confuse you when you take damage.
 y - the +2 hat of the Bear Spirit (worn) {Spirit, +Rage rN+ MR++}
   (You bought it in a shop on level 1 of the Elven Halls)

   It protects you from negative energy.
   It affects your resistance to hostile enchantments.
   It lets you go berserk.
 B - a +2 pair of boots of stealth (worn)
 E - a +2 pair of gloves (worn)
 Z - the +3 cloak "Niteus" {rPois rCorr Int-2 Stlth+}
   (You found it on level 4 of the Snake Pit)

   It affects your intelligence (-2).
   It protects you from poison.
   It protects you from acid and corrosion.
   It makes you more stealthy.
Jewellery
 b - the amulet of Leplu (around neck) {Faith rF+ Dex+3}
   (You found it on level 8 of the Lair of Beasts)

   [amulet of faith]

   It allows you to gain divine favour quickly.
   It affects your dexterity (+3).
   It protects you from fire.
 i - the ring "Focsott" (left hand) {rPois rF+ MR+ Str+4 Dex-3}
   (You found it on level 7 of the Dungeon)

   [ring of dexterity]

   It affects your strength (+4).
   It affects your dexterity (-3).
   It protects you from fire.
   It protects you from poison.
   It affects your resistance to hostile enchantments.
 k - a ring of protection from magic (right hand)
 z - the ring of Niummocho {rPois AC+3 Str+6 Int+3}
   (You found it on level 10 of the Dungeon)

   [ring of protection]

   It affects your AC (+3).
   It affects your strength (+6).
   It affects your intelligence (+3).
   It protects you from poison.
 F - an uncursed ring of sustain attributes
 R - an uncursed ring of positive energy
 S - an uncursed ring of protection from cold
Wands
 V - a wand of digging (15/24)
 X - a wand of teleportation (6/9)
Scrolls
 l - 3 scrolls of blinking
 s - 5 scrolls of immolation
 t - 2 scrolls of amnesia
 x - 2 scrolls of fog
 A - 8 scrolls of teleportation
 G - 5 scrolls of identify
 K - 2 scrolls of enchant armour
 M - 13 scrolls of remove curse
 N - 5 scrolls of recharging
 O - 13 scrolls of magic mapping
 Q - a scroll of brand weapon
 T - a scroll of holy word
 Y - 6 scrolls of fear
Potions
 d - 6 potions of might
 h - 7 potions of brilliance
 o - 10 potions of agility
 u - 2 potions of heal wounds
 v - 5 potions of haste
 C - 2 potions of ambrosia
 J - 13 potions of curing
 L - 6 potions of magic
 U - 4 potions of resistance
Miscellaneous
 g - a box of beasts
 D - a phial of floods
 H - a sack of spiders {used: 1}
 P - a stone of tremors
 W - a phantom mirror
Comestibles
 c - 19 meat rations
 m - 4 beef jerkies
 I - 7 bread rations


   Skills:
 + Level 20.8 Fighting
 - Level 26.0 Axes
 - Level 20.3 Armour
   Level 3.2 Shields
 - Level 7.3 Invocations
 - Level 14.0 Evocations


You had 24 spell levels left.
You didn't know any spells.

Dungeon Overview and Level Annotations

Branches:
Dungeon (15/15)            Temple (1/1) D:4            Lair (8/8) D:8
 Shoals (4/4) Lair:4        Snake (4/4) Lair:3        Slime (0/6) Lair:7
    Orc (2/2) D:10            Elf (3/3) Orc:2        Vaults (4/5) D:14
  Crypt (0/3) Vaults:3     Depths (3/5) D:15

Altars:
Ashenzari
Cheibriados
Dithmenos
Elyvilon
Fedhas
Gozag
Kikubaaqudgha
Makhleb
Nemelex Xobeh
Okawaru
Pakellas
Qazlal
Ru
Sif Muna
Trog
Vehumet
Xom
Yredelemnul
Zin
The Shining One
Jiyva

Shops:
D:5 [   D:6 *   D:7 }   D:8 (   D:15 (   Orc:2 [}(%?*[[=   Elf:1 :!([(
Depths:1 *?[*   Depths:2 *

Portals:
Hell: Depths:1 Depths:2 Depths:3
Abyss: Depths:3
Pandemonium: Depths:1 Depths:3
Ziggurat: Depths:3

Annotations:
D:5 Fv001's ghost, novice GrFi
Lair:8 1 runed door
Shoals:2 exclusion: Roxanne, Roxanne


Innate Abilities, Weirdness & Mutations

You are resistant to torment.
Your stone body is resilient (AC +19).
You are immune to poison.
Your large and strong wings let you fly indefinitely.
You resist negative energy.
You are resistant to electric shocks.
You can survive without breathing.
You are immune to petrification.
You are immune to rotting.


Message History

All of the chunks of flesh in your inventory have rotted away.
You cut the deep elf annihilator into ribbons!!!
There is a sudden explosion of sparks!
The deep elf annihilator is severely wounded.
The deep elf high priest shoots an arrow.
The arrow hits you but does no damage.
You hear a splash.
You completely miss the deep elf annihilator.
The deep elf annihilator is severely wounded.
The deep elf annihilator points at you and mumbles some strange words.
The crystal spear hits you!
* * * LOW HITPOINT WARNING * * *
The deep elf high priest shoots an arrow.
The arrow hits you but does no damage.
You hear a splash.
You slash the deep elf annihilator!
The deep elf annihilator is almost dead.
The deep elf annihilator casts a spell at you.
The crystal spear hits you!
You die...

#..# ##.("## #.....
#..# ##(## #.....
#.)# #)# #.....
)).# #)# #.....
#).# #(# #.....
#..# #(# #.....
#..# #)# #.....
#..# ######e######
#..... #..#
#...≈≈)@≈e.)#
#..... #..#
###...≈≈)≈≈...##
#..... #..#
#.....≈≈(≈≈..e....
#..... #..#
#.#...≈≈.≈≈...###..
#..... #..#
######.######
#..... ...# ....
#..... ...# ......
#..... #..# ...⌠...
#..... #..# .......
#.....


You could see 2 deep elf annihilators and a deep elf high priest.

Vanquished Creatures
  An ancient lich (WizLab)
  2 juggernauts (Depths:1)
  Jory (Vaults:3)
  2 deep elf blademasters (Elf:3)
  A titan (Depths:2)
  2 deep elf master archers (Elf:3)
  3 liches
  Polyphemus (Shoals:2)
  3 sphinxes
  Kirke (Lair:6)
  Agnes (Snake:1)
  An ancient champion (WizLab)
  A storm dragon (Depths:1)
  Ilsuiw (Shoals:4)
  Wiglaf (Vaults:4)
  3 tengu reavers
  The ghost of Duskembrace the Brawler, an adept TrMo of Cheibriados (Shoals:3)
  4 deep elf sorcerers (Elf:3)
  4 fire giants
  8 greater nagas
  6 vault wardens
  2 iron dragons (Depths:1)
  An orc warlord (D:10)
  Donald (D:13)
  5 frost giants
  Louise (Shoals:1)
  A juggernaut zombie (Depths:3)
  2 balrugs
  Aizul (Snake:3)
  4 deep elf elementalists (Elf:3)
  4 ghouls
  3 very ugly things (Depths:2)
  13 ironheart preservers
  17 stone giants
  A caustic shrike skeleton (Depths:3)
  Nessos (Lair:5)
  A salamander stormcaller (Vaults:3)
  7 deep elf annihilators
  A vampire knight (Depths:3)
  3 spark wasps (Depths:1)
  11 deep elf demonologists
  8 deep elf death magi
  Snorg (Lair:7)
  9 ettins
  6 merfolk javelineers
  15 merfolk impalers
  A blizzard demon (Depths:1)
  11 yaktaur captains
  2 vault guards (Vaults:4)
  2 deep elf high priests
  A crystal guardian (Vaults:4)
  13 fire dragons
  2 entropy weavers
  A rakshasa (Vaults:1)
  15 naga warriors
  11 great orbs of eyes
  7 ice dragons
  A catoblepas (Shoals:1)
  5 hydras
  16 anacondas
  5 merfolk avatars
  Harold (Lair:4)
  21 ogre magi
  A satyr (Shoals:2)
  25 dancing weapons
  A death knight (Vaults:1)
  7 deep troll shamans
  5 merfolk aquamancers
  10 centaur warriors
  14 death yaks
  9 deep troll earth magi
  5 vampire magi
  5 tengu warriors
  A shock serpent (shapeshifter) (Vaults:3)
  21 naga sharpshooters
  8 shock serpents
  2 orc high priests
  3 spriggan berserkers (Depths:2)
  An iron giant skeleton (Depths:3)
  26 deep elf knights
  4 sun demons (Depths:1)
  A wretched star (Abyss:2)
  11 hell knights
  15 skeletal warriors
  A shadow wraith (Vaults:4)
  A fire crab (shapeshifter) (Depths:2)
  2 salamander mystics (Snake:3)
  A storm dragon skeleton (Depths:3)
  3 unseen horrors
  A giant orange brain (shapeshifter) (Elf:2)
  2 iron trolls
  33 deep trolls
  2 giant orange brains
  3 golden dragon zombies (Depths:3)
  13 deep elf archers
  An obsidian statue (Vaults:3)
  8 sea snakes
  3 flayed ghosts
  8 hill giants
  7 naga ritualists
  2 hill giants (shapeshifter)
  A tengu zombie (Depths:3)
  10 orc knights
  4 phantasmal warriors
  A lindwurm (shapeshifter) (Vaults:2)
  A mana viper (shapeshifter) (Elf:1)
  6 wolf spiders
  9 ironbrand convokers
  16 harpies
  A lindwurm (Lair:8)
  13 mana vipers
  66 deep elf magi
  2 wizards
  3 tengu skeletons (Depths:3)
  10 manticores
  5 fauns
  A hornet (Vaults:2)
  An iron dragon zombie (Depths:3)
  15 griffons
  12 cyclopes
  A cyclops (shapeshifter) (Depths:2)
  5 orc sorcerers
  12 necromancers
  A stone giant zombie (Vaults:1)
  34 ugly things
  17 elephants
  16 salamanders
  3 fire giant zombies
  2 octopodes (shapeshifter)
  A moth of wrath (shapeshifter) (Vaults:4)
  10 sirens
  33 black mambas
  3 centaur zombies
  8 water nymphs
  8 guardian serpents
  12 torpor snails
  14 vault sentinels
  30 naga magi
  Maurice (D:8)
  10 spiny frogs
  5 gargoyles
  An elf zombie (Depths:3)
  A rime drake (shapeshifter) (Vaults:1)
  A komodo dragon (shapeshifter) (Vaults:2)
  35 yaktaurs
  13 komodo dragons
  A rime drake (Lair:5)
  6 freezing wraiths
  A tengu conjurer (Depths:1)
  A queen bee (shapeshifter) (Vaults:3)
  A yaktaur skeleton (Vaults:1)
  2 hellwings (Depths:2)
  An elf skeleton (Depths:3)
  35 two-headed ogres
  A tengu simulacrum (Depths:3)
  15 trolls
  4 wind drakes
  5 ice devils
  A wind drake (shapeshifter) (Vaults:1)
  A hornet zombie (D:14)
  44 merfolk
  9 polar bears
  14 blink frogs
  6 giant leeches (Lair:8)
  13 slime creatures
  5 boulder beetles
  A snapping turtle (shapeshifter) (Vaults:2)
  12 snapping turtles
  2 spriggan zombies (Depths:3)
  2 flying skulls (Depths:3)
  4 raiju (Lair:8)
  2 air elementals
  A spriggan (shapeshifter) (Vaults:2)
  2 spriggans (Lair:5)
  A shadow (D:12)
  A tarantella (Depths:2)
  2 wraiths
  2 wyverns
  2 redbacks (Depths:2)
  A tarantella (shapeshifter) (Depths:1)
  3 hogs
  59 yaks
  20 water elementals
  A wyvern (shapeshifter) (Depths:1)
  3 hill giant zombies (WizLab)
  17 humans
  8 vampires
  A yak (shapeshifter) (Vaults:2)
  17 hippogriffs
  The ghost of Utsuho the Shield-Bearer, an amateur FoFi (D:3)
  A golden eye (shapeshifter) (Vaults:4)
  5 basilisks
  A steam dragon (D:9)
  A hog (shapeshifter) (Depths:2)
  9 vampire mosquitoes
  A neqoxec (Abyss:2)
  A human simulacrum (Vaults:3)
  2 mottled dragons (Vaults:2)
  A yaktaur simulacrum (Vaults:1)
  57 nagas
  17 wargs
  A large abomination (Depths:3)
  A small abomination (Abyss:2)
  A soldier ant (D:14)
  Edmund (D:4)
  6 hell hounds (Lair:8)
  A human skeleton (Depths:3)
  24 water moccasins
  A giant eyeball (shapeshifter) (Elf:3)
  13 porcupines
  18 black bears
  5 ice beasts
  3 necrophages
  4 sky beasts
  3 eyes of draining (shapeshifter)
  27 orc warriors
  3 wasps (Lair:8)
  An ettin simulacrum (Vaults:1)
  85 ogres
  2 eyes of draining
  6 phantoms
  10 boggarts
  25 wolves
  12 centaurs
  15 crocodiles
  2 big kobolds
  A gnoll sergeant (D:10)
  A wyvern zombie (D:8)
  22 giant frogs
  An earth elemental (Elf:1)
  A wyvern skeleton (D:12)
  8 scorpions
  10 troll zombies
  9 killer bees
  A vampire bat (Lair:2)
  16 wights
  16 howler monkeys
  3 electric eels
  15 crimson imps
  2 giant frog zombies
  2 quasits
  4 jellies
  10 orc priests
  3 centaur skeletons
  A gnoll shaman (D:6)
  A giant frog skeleton (D:8)
  16 hounds
  21 orc wizards
  10 iguanas
  12 worker ants
  A killer bee zombie (D:6)
  24 sheep
  8 ogre zombies
  2 hound skeletons
  A worker ant zombie (D:9)
  8 gnolls
  23 adders
  94 river rats
  8 shadow imps
  7 white imps (Depths:1)
  An ooze (shapeshifter) (Vaults:1)
  5 oozes
  An adder zombie (D:8)
  19 worms
  2 dart slugs
  8 giant geckos
  93 orcs
  6 ball pythons
  6 giant cockroaches
  6 goblins
  10 hobgoblins
  15 jackals
  6 quokkas
  18 bats
  A giant cockroach zombie (D:5)
  3 giant newts
  6 goblin skeletons
  4 goblin zombies
  A hobgoblin skeleton (D:10)
  5 hobgoblin zombies
  20 kobolds
  A kobold zombie (D:9)
  3 orc skeletons (D:10)
  9 orc zombies
  8 rats
  4 crawling corpses (Elf:3)
  16 fungi
  31 plants
2369 creatures vanquished.

Vanquished Creatures (others)
  A deep elf mage (Elf:1)
  An ogre (Depths:2)
  An orc wizard (D:8)
  An orc (Orc:1)
  24 fungi
  24 plants
52 creatures vanquished.

Grand Total: 2421 creatures vanquished

Notes
Turn   | Place    | Note
--------------------------------------------------------------
     0 | D:1      | Kenran the Gargoyle Fighter began the quest for the Orb.
     0 | D:1      | Reached XP level 1. HP: 14/14 MP: 1/1
    52 | D:1      | Reached skill level 2 in Axes
    80 | D:1      | Reached XP level 2. HP: 19/19 MP: 2/2
   825 | D:1      | Reached skill level 3 in Axes
   825 | D:1      | Reached XP level 3. HP: 22/23 MP: 3/3
  1799 | D:2      | Reached XP level 4. HP: 28/28 MP: 4/4
  2214 | D:2      | Reached skill level 4 in Axes
  2510 | D:3      | HP: 1/28 [orc priest/divine providence (9)]
  2824 | D:3      | Reached XP level 5. HP: 30/32 MP: 5/5
  2837 | D:3      | Found a stormy altar of Qazlal.
  2892 | D:3      | Noticed Utsuho's ghost (amateur FoFi)
  3176 | D:3      | HP: 1/32 [Utsuho's ghost (10)]
  3813 | D:3      | Found a blossoming altar of Fedhas.
  3914 | D:3      | Reached skill level 5 in Axes
  4210 | D:4      | Reached XP level 6. HP: 35/37 MP: 6/6
  4274 | D:4      | Reached skill level 6 in Axes
  4455 | D:4      | Reached XP level 7. HP: 35/41 MP: 7/7
  4514 | D:4      | Noticed Edmund
  4601 | D:4      | Found a staircase to the Ecumenical Temple.
  4609 | Temple   | Entered the Ecumenical Temple
  4644 | Temple   | Became a worshipper of Warmaster Okawaru
  4793 | D:4      | Reached skill level 7 in Axes
  4904 | D:4      | Found a glowing silver altar of Zin.
  5099 | D:4      | Killed Edmund
  5215 | D:5      | Entered Level 5 of the Dungeon
  5234 | D:5      | Found an opulent altar of Gozag.
  5363 | D:5      | Found a shadowy altar of Dithmenos.
  5421 | D:5      | Found Ulosenk's Armour Shop.
  5438 | D:5      | Noticed Fv001's ghost (novice GrFi)
  5441 | D:5      | Reached skill level 5 in Fighting
  6052 | D:4      | Reached XP level 8. HP: 37/49 MP: 8/8
  6520 | D:6      | Found Oskutile's General Store.
  6729 | D:6      | Reached * piety under Okawaru
  6963 | D:6      | Found a blossoming altar of Fedhas.
  7006 | D:6      | Found a shimmering altar of Xom.
  7018 | D:6      | Reached skill level 8 in Axes
  7925 | D:3      | Killed Utsuho's ghost
  7925 | D:3      | Reached ** piety under Okawaru
  8513 | D:6      | Found a shimmering altar of Xom.
  8518 | D:6      | Reached skill level 9 in Axes
  8664 | D:7      | Found a sparkling altar of Nemelex Xobeh.
  8691 | D:7      | Reached XP level 9. HP: 48/55 MP: 9/9
  8777 | D:7      | Found a sacrificial altar of Ru.
  9075 | D:7      | Reached skill level 10 in Axes
  9083 | D:7      | Reached *** piety under Okawaru
  9246 | D:7      | Got a steaming copper ring
  9631 | D:7      | Found Arrum's Gadget Emporium.
  9659 | D:7      | Found a snail-covered altar of Cheibriados.
  9737 | D:7      | Reached **** piety under Okawaru
 10322 | D:8      | Reached XP level 10. HP: 64/64 MP: 10/10
 10370 | D:8      | Noticed Maurice
 10457 | D:8      | Reached skill level 11 in Axes
 10576 | D:8      | Found a burning altar of Makhleb.
 10656 | D:8      | Found a staircase to the Lair.
 10689 | D:8      | Killed Maurice
 10744 | D:8      | Identified the cursed ring "Focsott" {rPois rF+ MR+ Str+4 Dex-3} (You found it on level 7 of the Dungeon)
 11279 | D:8      | Found Hocsunli's Weapon Emporium.
 11372 | D:8      | Reached ***** piety under Okawaru
 11751 | D:8      | Reached skill level 12 in Axes
 11895 | Lair:1   | Entered Level 1 of the Lair of Beasts
 12039 | Lair:1   | Reached skill level 5 in Armour
 12244 | Lair:1   | Received a gift from Okawaru
 12934 | Lair:2   | Reached XP level 11. HP: 54/68 MP: 11/11
 13855 | D:9      | Found a glowing golden altar of the Shining One.
 13944 | D:9      | Reached skill level 13 in Axes
 14161 | D:9      | Found a radiant altar of Vehumet.
 14634 | D:10     | Entered Level 10 of the Dungeon
 14727 | D:10     | Got a pitted jade ring
 14738 | D:10     | Reached ****** piety under Okawaru
 14741 | D:10     | Identified the ring of Niummocho {rPois AC+3 Str+6 Int+3} (You found it on level 10 of the Dungeon)
 14769 | D:10     | Received a gift from Okawaru
 15073 | D:10     | Found a staircase to the Orcish Mines.
 15718 | D:11     | Noticed a hill giant
 15760 | D:11     | Killed a hill giant
 16113 | D:11     | Noticed a manticore
 16120 | D:11     | Killed a manticore
 16120 | D:11     | Reached skill level 14 in Axes
 16697 | Orc:1    | Entered Level 1 of the Orcish Mines
 16697 | Orc:1    | Found a radiant altar of Vehumet.
 16793 | Orc:1    | Noticed a cyclops
 16801 | Orc:1    | Killed a cyclops
 16801 | Orc:1    | Received a gift from Okawaru
 17058 | Orc:1    | Noticed an orc sorcerer
 17060 | Orc:1    | Noticed an orc warlord
 17071 | Orc:1    | Noticed a sixfirhy
 17368 | Lair:3   | Got a distressingly furry ring mail
 17390 | Lair:2   | Identified the +1 ring mail of Ezaes {Int+3} (You found it on level 3 of the Lair of Beasts)
 17443 | Lair:3   | Noticed an eight-headed hydra
 17496 | Lair:2   | Reached skill level 10 in Fighting
 17496 | Lair:2   | Reached XP level 12. HP: 77/77 MP: 12/12
 17960 | Lair:3   | Noticed an eight-headed hydra
 19231 | Lair:4   | Reached skill level 15 in Axes
 19371 | Lair:4   | Received a gift from Okawaru
 19375 | Lair:4   | Got a scorched executioner's axe {god gift}
 19376 | Lair:4   | Identified the +1 executioner's axe of the Shoals {pain, rElec Int+3} (Okawaru gifted it to you on level 4 of the Lair of Beasts)
 19608 | Lair:4   | Noticed Harold
 19662 | Lair:4   | Killed Harold
 19738 | Lair:4   | Found a staircase to the Shoals.
 19971 | Lair:4   | Reached skill level 16 in Axes
 20416 | Lair:5   | Noticed Nessos
 20442 | Lair:5   | Killed Nessos
 20442 | Lair:5   | Reached XP level 13. HP: 39/82 MP: 13/13
 20697 | Lair:5   | Received a gift from Okawaru
 21878 | Lair:6   | Reached skill level 10 in Armour
 23594 | Orc:1    | Paralysed by an orc sorcerer for 2 turns
 23686 | D:10     | Killed an orc warlord
 23686 | D:10     | Received a gift from Okawaru
 23690 | D:10     | Got a polished cloak {god gift}
 23701 | D:10     | Identified the +2 cloak of Devotion {*Confuse rC+ Regen+ Slay+2} (Okawaru gifted it to you on level 10 of the Dungeon)
 23962 | Orc:2    | Entered Level 2 of the Orcish Mines
 23962 | Orc:2    | Found Jugganeo's Antique Armour Boutique.
 24138 | Orc:2    | Found a staircase to the Elven Halls.
 24179 | Orc:2    | Bought a glowing helmet for 148 gold pieces
 24373 | Orc:2    | Found Siceqofep's Gadget Emporium.
 24451 | Orc:2    | Gained mutation: Your large and strong wings let you fly indefinitely. [Gargoyle growth]
 24451 | Orc:2    | Reached XP level 14. HP: 84/92 MP: 14/14
 24467 | Orc:2    | Reached skill level 17 in Axes
 24593 | Orc:2    | Found Wuolaoq's Antique Weapon Boutique.
 24611 | Orc:2    | Found Keupisun's General Store.
 24612 | Orc:2    | Found Awikh's Antique Armour Shop.
 24663 | Orc:2    | Found Otiev's Magic Scroll Shoppe.
 24701 | Orc:2    | Received a gift from Okawaru
 24705 | Orc:2    | Got a pair of distressingly furry gloves {god gift}
 24731 | Orc:1    | Identified the +1 pair of gloves "Jafauf" {*Confuse rC+++ MP+9 SInv} (Okawaru gifted it to you on level 2 of the Orcish Mines)
 24987 | Orc:2    | Bought a scroll of identify for 36 gold pieces
 25113 | Orc:2    | Found Vaas's Jewellery Shop.
 25151 | Orc:2    | Found Jelell's Antique Armour Shop.
 25201 | Orc:2    | Found Caeq's Food Shop.
 25225 | Orc:2    | Bought a scroll of enchant armour for 90 gold pieces
 25225 | Orc:2    | Bought a scroll of teleportation for 36 gold pieces
 25225 | Orc:2    | Bought a scroll of identify for 24 gold pieces
 25225 | Orc:2    | Bought a scroll of enchant armour for 90 gold pieces
 25509 | Orc:2    | Bought a faintly humming plate armour for 728 gold pieces
 25509 | Orc:2    | Identified the +7 plate armour of the Sturgeon {rElec rC- Str+4} (You bought it in a shop on level 2 of the Orcish Mines)
 26810 | D:14     | Found a gate to the Vaults.
 26810 | D:14     | Noticed Donald
 26822 | D:13     | Reached skill level 18 in Axes
 26881 | D:14     | Reached skill level 1 in Invocations
 27018 | D:14     | Found a shattered altar of Ashenzari.
 27021 | D:14     | Reached skill level 5 in Invocations
 27084 | D:13     | Received a gift from Okawaru
 27122 | D:13     | Killed Donald
 27230 | D:14     | Reached skill level 1 in Evocations
 27277 | D:14     | Received a gift from Okawaru
 27356 | D:14     | Got a steaming war axe {god gift}
 27497 | D:14     | Reached XP level 15. HP: 96/96 MP: 20/20
 27917 | D:15     | Entered Level 15 of the Dungeon
 27935 | D:15     | Reached skill level 5 in Evocations
 27978 | D:15     | Found Vanud's Weapon Shop.
 28103 | D:15     | Received a gift from Okawaru
 28124 | D:15     | Identified the +5 war axe "Udghenu" {flame, MR+ Str+6 Int+5} (Okawaru gifted it to you on level 14 of the Dungeon)
 28139 | D:15     | Found a staircase to the Depths.
 28946 | Lair:3   | Found a staircase to the Snake Pit.
 29277 | Lair:6   | Noticed Kirke
 29713 | Lair:6   | Killed Kirke
 30227 | Lair:6   | Reached skill level 19 in Axes
 30262 | Lair:7   | Received a gift from Okawaru
 30411 | Lair:7   | Found a runed door.
 30411 | Lair:7   | Found a viscous altar of Jiyva.
 30411 | Lair:7   | Found a staircase to the Slime Pits.
 30826 | Lair:7   | Noticed Snorg
 30834 | Lair:7   | Killed Snorg
 30936 | Lair:8   | Entered Level 8 of the Lair of Beasts
 30970 | Lair:7   | Reached XP level 16. HP: 100/101 MP: 21/21
 31026 | Lair:7   | Received a gift from Okawaru
 31033 | Lair:7   | Got a scorched hat {god gift}
 31047 | Lair:7   | Identified the +0 hat of Pantheism {rF+} (Okawaru gifted it to you on level 7 of the Lair of Beasts)
 31087 | Lair:8   | Got a wavering zirconium amulet
 31268 | Lair:8   | Reached skill level 20 in Axes
 31696 | Lair:8   | Found a runed door.
 31807 | Lair:8   | Received a gift from Okawaru
 32012 | Lair:8   | Identified the amulet of Leplu {Faith rF+ Dex+3} (You found it on level 8 of the Lair of Beasts)
 32659 | D:6      | Bought a box of beasts for 240 gold pieces
 32659 | D:6      | Bought a scroll of enchant weapon for 90 gold pieces
 32823 | Orc:2    | Bought a glowing cloak for 148 gold pieces
 32862 | Orc:2    | Bought a sack of spiders for 260 gold pieces
 32873 | Orc:2    | Bought a scroll of identify for 24 gold pieces
 33162 | Snake:1  | Entered Level 1 of the Snake Pit
 33790 | Snake:1  | Received a gift from Okawaru
 33790 | Snake:1  | Reached skill level 15 in Fighting
 34074 | Snake:1  | Reached XP level 17. HP: 101/113 MP: 22/22
 34343 | Snake:2  | Noticed Agnes
 34361 | Snake:1  | Killed Agnes
 34536 | Snake:2  | Received a gift from Okawaru
 34542 | Snake:2  | Reached skill level 10 in Evocations
 34544 | Snake:2  | Got a pair of ancient boots {god gift}
 34622 | Snake:2  | Identified the +2 pair of boots "Loesaask" {-Cast MR+ MP-9 Int+9} (Okawaru gifted it to you on level 2 of the Snake Pit)
 36120 | Snake:3  | Noticed Aizul
 36136 | Snake:3  | Killed Aizul
 36341 | Snake:3  | Received a gift from Okawaru
 36664 | Snake:3  | Reached XP level 18. HP: 108/119 MP: 28/28
 37079 | Snake:4  | Entered Level 4 of the Snake Pit
 37596 | Snake:4  | Got a bloodstained cloak
 37602 | Snake:4  | Identified the +3 cloak "Niteus" {rPois rCorr Int-2 Stlth+} (You found it on level 4 of the Snake Pit)
 37860 | Snake:4  | Reached skill level 21 in Axes
 38214 | Snake:4  | Received a gift from Okawaru
 38730 | Snake:4  | Received a gift from Okawaru
 39136 | Snake:4  | Got a serpentine rune of Zot
 39564 | Shoals:1 | Entered Level 1 of the Shoals
 40319 | Shoals:2 | Noticed Louise
 40342 | Shoals:1 | Killed Louise
 40659 | Shoals:2 | Received a gift from Okawaru
 40699 | Shoals:2 | Noticed Polyphemus
 40801 | Shoals:1 | Reached XP level 19. HP: 100/128 MP: 29/29
 40848 | Shoals:2 | Killed Polyphemus
 41028 | Shoals:2 | Noticed Roxanne
 41608 | Shoals:3 | Noticed Duskembrace's ghost (adept TrMo)
 41672 | Shoals:3 | Killed Duskembrace's ghost
 42112 | Shoals:3 | Received a gift from Okawaru
 42621 | Shoals:4 | Entered Level 4 of the Shoals
 43553 | Shoals:4 | Got a barnacled rune of Zot
 43852 | Shoals:4 | Noticed Ilsuiw
 43855 | Shoals:4 | Reached skill level 15 in Armour
 43868 | Shoals:4 | Killed Ilsuiw
 44697 | Vaults:1 | Entered Level 1 of the Vaults
 44736 | Vaults:1 | Received a gift from Okawaru
 44853 | Vaults:1 | Noticed an Ice Fiend
 45051 | Vaults:1 | Reached XP level 20. HP: 91/135 MP: 28/30
 45681 | Vaults:1 | Received a gift from Okawaru
 46054 | Vaults:1 | Cast into level 2 of the Abyss (a deep elf demonologist)
 46275 | Vaults:1 | Escaped the Abyss
 47004 | Vaults:1 | Reached skill level 22 in Axes
 47548 | Vaults:2 | Received a gift from Okawaru
 48030 | Vaults:2 | Found an ancient bone altar of Kikubaaqudgha.
 48213 | Vaults:2 | Reached XP level 21. HP: 118/141 MP: 31/31
 48561 | Vaults:3 | Reached skill level 23 in Axes
 48592 | Vaults:3 | Noticed Jory
 48607 | Vaults:3 | Killed Jory
 48749 | Vaults:3 | Received a gift from Okawaru
 48913 | Vaults:3 | Found a magical portal.
 48943 | WizLab   | Entered Zonguldrok's Shrine
 49379 | WizLab   | Noticed an antique lich
 49393 | WizLab   | Killed an antique lich
 49511 | WizLab   | Identified Zarosyexti's Papyrus of the Birds
 49836 | Vaults:3 | Found a staircase to the Crypt.
 49836 | Vaults:3 | Found a basalt altar of Yredelemnul.
 49837 | Vaults:3 | Found an ancient bone altar of Kikubaaqudgha.
 50696 | Vaults:4 | Received a gift from Okawaru
 51193 | Vaults:4 | Reached skill level 24 in Axes
 51398 | Vaults:4 | Received a gift from Okawaru
 51417 | Vaults:4 | Reached XP level 22. HP: 115/147 MP: 32/32
 51903 | Vaults:4 | Noticed Wiglaf
 51933 | Vaults:4 | Killed Wiglaf
 52092 | Vaults:4 | Received a gift from Okawaru
 53345 | Depths:1 | Entered Level 1 of the Depths
 53542 | Depths:1 | Reached skill level 25 in Axes
 53546 | Depths:1 | Received a gift from Okawaru
 54696 | Depths:1 | Found a one-way gate leading to the halls of Pandemonium.
 54710 | Depths:1 | Found a gateway to Hell.
 55270 | Depths:1 | Received a gift from Okawaru
 55287 | Depths:1 | Noticed a juggernaut
 55598 | Depths:1 | Noticed a juggernaut
 55610 | Depths:1 | Killed a juggernaut
 55886 | Depths:1 | Found Sutine's Antique Armour Shop.
 55887 | Depths:1 | Found Fubror's General Store.
 55888 | Depths:1 | Found Laje's Magic Scroll Shop.
 55888 | Depths:1 | Found Golu's Assorted Antiques.
 55896 | Depths:1 | Received a gift from Okawaru
 55945 | Depths:1 | Bought a scroll of acquirement for 1040 gold pieces
 55947 | Depths:1 | Bought a scroll of teleportation for 36 gold pieces
 55953 | Depths:1 | Bought an encrusted plate armour for 756 gold pieces
 55958 | Depths:1 | Identified the +5 plate armour of Nearr {Int+4} (You bought it in a shop on level 1 of the Depths)
 56024 | Depths:1 | Reached XP level 23. HP: 152/152 MP: 33/33
 56075 | Depths:1 | Killed a juggernaut
 56211 | Depths:2 | Reached skill level 26 in Axes
 56984 | Depths:2 | Received a gift from Okawaru
 57022 | Depths:2 | Found a snail-covered altar of Cheibriados.
 57314 | Depths:2 | Found Ucveff's Assorted Antiques.
 57329 | Depths:2 | Bought a pair of runed boots for 171 gold pieces
 58861 | Depths:3 | Found a one-way gate to the infinite horrors of the Abyss.
 58912 | Depths:3 | Received a gift from Okawaru
 58939 | Depths:3 | Reached XP level 24. HP: 113/157 MP: 33/33
 59044 | Depths:3 | Found a gateway to a ziggurat.
 59100 | Depths:3 | Received a gift from Okawaru
 59703 | Elf:1    | Entered Level 1 of the Elven Halls
 59728 | Elf:1    | Found Loacki's Antique Weapon Shop.
 59777 | Elf:1    | Found Ritautha's Armour Shop.
 59784 | Elf:1    | Bought the +2 hat of the Bear Spirit {Spirit, +Rage rN+ MR++} for 508 gold pieces
 59956 | Elf:1    | Found Uxaoclog's Antique Weapon Emporium.
 59967 | Elf:1    | Found Jeiribak's Distillery.
 59997 | Elf:1    | Bought 2 potions of heal wounds for 140 gold pieces
 60123 | Elf:1    | Found Xag Doug's Book Emporium.
 61063 | Elf:2    | Got a faintly glowing chain mail
 61064 | Elf:2    | Identified the +9 chain mail of Subjectivity {rPois Int+4} (You found it on level 2 of the Elven Halls)
 61079 | Elf:2    | Found a runed gate.
 61079 | Elf:2    | Found a runed gate.
 61090 | Elf:2    | Found a runed gate.
 61795 | Elf:3    | Entered Level 3 of the Elven Halls
 62026 | Elf:3    | Received a gift from Okawaru
 62953 | Elf:3    | Received a gift from Okawaru
 63021 | Elf:3    | Reached XP level 25. HP: 129/169 MP: 26/33
 63134 | Elf:3    | Killed from afar by a deep elf annihilator

Skill      XL: |  1  2  3  4  5  6  7  8  9 10 11 12 13 14 15 16 17 18 19 20 21 22 23 24 |
---------------+-------------------------------------------------------------------------+-----
Axes           | 2 3 4 5 6 7 9 10 12 14 16 18 19 20 21 22 24 25 26 | 26.0
Fighting       | 5 6 8 10 12 15 17 18 20 | 20.8
Armour         | 4 7 8 10 11 15 19 20 | 20.3
Invocations    | 7 |  7.3
Evocations     | 3 6 7 14 | 14.0
Shields        | |  3.2

Action                   |  1- 3 |  4- 6 |  7- 9 | 10-12 | 13-15 | 16-18 | 19-21 | 22-24 | 25-27 || total
-------------------------+-------+-------+-------+-------+-------+-------+-------+-------+-------++-------
Melee: War axe           |   147 |   173 |   426 |    81 |    42 |     2 |       |       |       ||   871
       Battleaxe         |       |       |       |   793 |  1180 |   308 |       |       |       ||  2281
       Executioner's axe |       |       |       |       |       |  1112 |  1400 |  1514 |    54 ||  4080
Throw: Stone             |     5 |       |       |       |       |       |       |       |       ||     5
Invok: Heroism           |       |       |       |       |     6 |     4 |    11 |     7 |     1 ||    29
       Finesse           |       |       |       |       |       |     2 |     5 |     5 |       ||    12
 Abil: Fly               |       |       |       |       |     1 |       |       |     1 |       ||     2
       Stop Flying       |       |       |       |       |       |       |       |     1 |       ||     1
Evoke: Sack of spiders   |       |       |       |       |       |     1 |       |       |       ||     1
  Use: Scroll            |     4 |     2 |    13 |    17 |    11 |    17 |    12 |    17 |     1 ||    94
       Potion            |       |     1 |       |       |     2 |     5 |     4 |     1 |       ||    13
 Stab: Distracted        |       |       |       |       |       |       |     1 |       |       ||     1
  Eat: Chunk             |     3 |     5 |    13 |    17 |    26 |    14 |    22 |    22 |       ||   122
       Fruit             |       |     4 |       |     8 |       |     3 |     2 |     5 |       ||    22
       Pizza             |       |       |     2 |       |     4 |     5 |     4 |     1 |       ||    16
       Beef jerky        |       |       |     1 |     3 |     2 |     3 |     5 |     8 |       ||    22
       Royal jelly       |       |       |     1 |       |       |     3 |       |       |       ||     4
       Meat ration       |       |       |       |     1 |       |       |       |       |       ||     1
Armor: Scale mail        |    57 |    95 |   115 |       |       |       |       |       |       ||   267
       Chain mail        |       |       |    89 |   690 |   200 |       |       |       |       ||   979
       Plate armour      |       |       |       |       |   814 |  1542 |  1256 |  1241 |    66 ||  4919
Dodge: Dodged            |    57 |    55 |   100 |   435 |   507 |   546 |   500 |   479 |    22 ||  2701
Block: Shield            |    78 |    92 |   197 |    29 |       |       |       |       |       ||   396
